 Dungeon Crawl Stone Soup version 0.22-a0-439-gac93bac (webtiles) character file.

3198 galech the Basher (level 9, -1/98 HPs)
             Began as an Ogre Berserker on May 29, 2018.
             Was an Elder of Trog.
             Slain by an orc warrior
             ... wielding a +0 halberd
              (19 damage)
             ... on level 8 of the Dungeon.
             The game lasted 00:11:03 (8750 turns).

galech the Basher (Ogre Berserker)                  Turns: 8750, Time: 00:11:04

Health: -1/98      AC:  4    Str: 26    XL:     9   Next: 96%
Magic:  9/9        EV: 12    Int:  8    God:    Trog [****..]
Gold:   328        SH:  0    Dex:  8    Spells: 8/8 levels left

rFire    . . .     SeeInvis +   t - +2 mace (crush)
rCold    + . .     Gourm    .   (no shield)
rNeg     . . .     Faith    .   b - +0 animal skin
rPois    .         Spirit   .   (helmet restricted)
rElec    .         Reflect  .   f - +0 cloak
rCorr    .         Harm     .   (gloves unavailable)
MR       .....                  (boots unavailable)
Stlth    ++........             (no amulet)
HPRegen  0.26/turn              n - ring of see invisible
MPRegen  0.11/turn              u - ring of protection from cold

@: no status effects
A: large, unfitting armour, tough skin 1
a: Berserk, Trog's Hand, Brothers in Arms, Renounce Religion


You were on level 8 of the Dungeon.
You worshipped Trog.
Trog was greatly pleased with you.
You were not hungry.

You visited 1 branch of the dungeon, and saw 8 of its levels.

You collected 328 gold pieces.

Inventory:

Hand Weapons
 t - a +2 mace of crushing (weapon)
 v - a +0 giant spiked club
Armour
 b - a +0 animal skin (worn)
 f - a +0 cloak (worn)
Jewellery
 n - a ring of see invisible (left hand)
 u - a ring of protection from cold (right hand)
Wands
 r - a wand of iceblast (4)
 w - a wand of flame (35)
 y - a wand of enslavement (11)
Scrolls
 a - 2 scrolls of identify
 d - 2 scrolls of fog
 e - a scroll of enchant armour
 i - 2 scrolls of fear
 j - 2 scrolls of magic mapping
 k - 5 scrolls of remove curse
 m - 2 scrolls of amnesia
 o - a scroll of teleportation
 s - a scroll of blinking
Potions
 g - 5 potions of curing {unknown}
 h - 2 potions of agility
 l - 2 potions of lignification {unknown}
 p - 2 potions of might {unknown}
 q - 2 potions of flight {unknown}
 x - a potion of haste {unknown}
 z - a potion of resistance {unknown}
Comestibles
 c - 12 rations
 A - 3 chunks of flesh


   Skills:
 + Level 9.0 Fighting
 + Level 9.2 Maces & Flails
 + Level 6.7 Dodging
 + Level 2.5 Stealth


You had 8 spell levels left.
You didn't know any spells.
Your spell library was empty.

Dungeon Overview and Level Annotations

Branches:
Dungeon (8/15)             Temple (0/1) D:4
   Lair: D:8-11

Altars:
Dithmenos
Fedhas
Nemelex Xobeh
Okawaru
Vehumet
Wu Jian
The Shining One


Innate Abilities, Weirdness & Mutations

You are too large for most types of armour.
You have tough skin. (AC +1)


Message History

You closely miss the orc warrior.
The orc warrior is almost dead.
The orc warrior closely misses you.
You hit the orc warrior but do no damage.
The orc warrior is almost dead.
You hit the orc warrior.
The orc warrior is almost dead.
The orc warrior hits you with a halberd!!
* * * LOW HITPOINT WARNING * * *
You hit the orc warrior but do no damage.
The orc warrior is almost dead.
The orc warrior hits you with a halberd.
* * * LOW HITPOINT WARNING * * *
You hit the orc warrior but do no damage.
The orc warrior is almost dead.
The orc warrior closely misses you.
You closely miss the orc warrior.
The orc warrior is almost dead.
The orc warrior hits you with a halberd!!
You die...

#######
#.....#
#).o..#
#.@...+
#.....#
#######


You could see an orc warrior.

Vanquished Creatures
  A two-headed ogre (D:5)
  Grinder (D:5)
  Prince Ribbit (D:7)
  A sky beast (D:5)
  An ice beast (D:7)
  An orc warrior (D:3)
  3 ogres
  A phantom (D:7)
  A centaur (D:5)
  Blork the orc (D:5)
  4 bullfrogs
  2 scorpions
  A howler monkey (D:6)
  3 lava snakes (D:7)
  4 crimson imps
  2 centaur skeletons (D:6)
  A jelly (D:5)
  A hound (D:7)
  4 orc priests
  Crazy Yiuf (D:5)
  Ijyb (D:4)
  Natasha (thrice) (D:3)
  An orc wizard (D:3)
  3 worker ants
  A hound skeleton (D:5)
  A hound zombie (D:5)
  A worker ant zombie (D:5)
  20 adders
  3 gnolls (D:2)
  An ooze (D:1)
  An adder zombie (D:7)
  4 adder skeletons
  A worm (D:3)
  2 dart slugs
  2 leopard geckos
  15 orcs
  5 bats
  4 giant cockroaches
  3 goblins
  3 hobgoblins
  10 jackals
  5 quokkas
  3 ball pythons
  10 frilled lizards
  2 jackal skeletons
  5 kobolds
  A leopard gecko zombie (D:6)
  A quokka zombie (D:5)
  4 rats
151 creatures vanquished.

Notes
Turn   | Place    | Note
-------+----------+-------------------------------------------
     0 | D:1      | galech the Ogre Berserker began the quest for the Orb.
     0 | D:1      | Reached XP level 1. HP: 24/24 MP: 1/1
   147 | D:1      | Reached XP level 2. HP: 25/32 MP: 2/2
  1074 | D:2      | Reached XP level 3. HP: 37/40 MP: 3/3
  1297 | D:2      | Reached ** piety under Trog
  1303 | D:2      | Reached XP level 4. HP: 18/49 MP: 4/4
  2164 | D:3      | Noticed Natasha
  2184 | D:3      | Killed Natasha
  2184 | D:3      | Reached skill level 5 in Fighting
  2184 | D:3      | Reached XP level 5. HP: 14/57 MP: 5/5
  2292 | D:3      | Noticed Natasha
  2314 | D:3      | Killed Natasha
  2629 | D:3      | Found an ornate altar of the Wu Jian Council.
  2803 | D:3      | Noticed an orc warrior
  2820 | D:3      | Killed an orc warrior
  2820 | D:3      | Reached XP level 6. HP: 63/66 MP: 6/6
  2872 | D:3      | Reached skill level 5 in Maces & Flails
  3171 | D:3      | Noticed Natasha
  3192 | D:3      | Killed Natasha
  3419 | D:4      | Reached XP level 7. HP: 35/74 MP: 7/7
  3668 | D:4      | Found a sparkling altar of Nemelex Xobeh.
  3719 | D:4      | Noticed Ijyb
  3749 | D:4      | Killed Ijyb
  3749 | D:4      | Reached skill level 1 in Stealth
  4177 | D:4      | Found a staircase to the Ecumenical Temple.
  4590 | D:5      | Entered Level 5 of the Dungeon
  4799 | D:5      | Found a runed door.
  4803 | D:5      | Noticed Crazy Yiuf
  4814 | D:5      | Killed Crazy Yiuf
  4814 | D:5      | Reached *** piety under Trog
  4989 | D:5      | Noticed a two-headed ogre
  4999 | D:5      | Killed a two-headed ogre
  4999 | D:5      | Reached skill level 5 in Dodging
  4999 | D:5      | Reached XP level 8. HP: 87/87 MP: 8/8
  5053 | D:5      | Noticed Grinder
  5384 | D:5      | Found an iron altar of Okawaru.
  5474 | D:5      | Noticed Blork the orc
  5510 | D:5      | Killed Grinder
  5510 | D:5      | Reached XP level 9. HP: 94/94 MP: 9/9
  5514 | D:5      | Killed Blork the orc
  7265 | D:7      | Found a blossoming altar of Fedhas.
  7621 | D:7      | Found a radiant altar of Vehumet.
  7660 | D:7      | Reached **** piety under Trog
  7685 | D:7      | Found a shadowy altar of Dithmenos.
  7719 | D:7      | Found an iron altar of Okawaru.
  7885 | D:7      | Noticed Prince Ribbit
  7926 | D:7      | HP: 3/97 [Prince Ribbit (13)]
  7927 | D:7      | Killed Prince Ribbit
  8462 | D:7      | Found a glowing golden altar of the Shining One.
  8750 | D:8      | Slain by an orc warrior

Vault maps used:
D:1:      moated_graveyard_arrival
D:2:      hangedman_glass_teeth
D:3:      nicolae_overflow_crystal_walls, uniq_natasha
D:4:      nemelex_xobeh_ov_fountains_minmay, minmay_temple_entry_butterflies,
          first_ration, uniq_ijyb
D:5:      okawaru_gym_becter, uniq_grinder, uniq_blork_the_orc,
          uniq_crazy_yiuf_cottage
D:7:      kennysheep_little_box, vehumet_altar_wand_db,
          lemuel_coloured_pillars_altar, kennysheep_mini_moat, fedhas_altar_3,
          kennysheep_boxes, uniq_prince_ribbit1
D:8:      cheibrodos_two_vegetables, elyvilon_altar_5, enter_ossuary_2

Skill      XL: |  1  2  3  4  5  6  7  8  9 |
---------------+----------------------------+-----
Maces & Flails | 3 4 5 7 8 9 |  9.2
Dodging        | 3 4 5 6 |  6.7
Fighting       | 5 7 9 |  9.0
Stealth        | 1 2 |  2.5

Action                   |  1- 3 |  4- 6 |  7- 9 || total
-------------------------+-------+-------+-------++-------
Melee: Mace              |    92 |   181 |   436 ||   709
Invok: Berserk           |       |     5 |     4 ||     9
       Trog's Hand       |       |     2 |     5 ||     7
  Use: Scroll            |       |       |     8 ||     8
 Stab: Sleeping          |       |       |     3 ||     3
  Eat: Chunk             |     1 |    11 |    21 ||    33
       Ration            |       |       |     1 ||     1
Armor: Animal skin       |    30 |    70 |    96 ||   196
Dodge: Dodged            |    51 |   116 |   255 ||   422

Table legend:
 A = Spawn XP
 B = Non-spawn XP
 C = Spawn XP percentage of total XP
 D = Spawn monster count
 E = Non-spawn monster count
 F = Spawn count percentage of total count
 G = Total turns spent on level
                    A         B        C        D         E        F      G
               +---------+---------+-------+---------+---------+-------+---------
         Total |       0 |    4569 |   0.0 |       0 |     151 |   0.0 |  8750
               +---------+---------+-------+---------+---------+-------+---------
           D:1 |       0 |      24 |   0.0 |       0 |      12 |   0.0 |   618
           D:2 |       0 |      98 |   0.0 |       0 |      16 |   0.0 |  1036
           D:3 |       0 |     428 |   0.0 |       0 |      24 |   0.0 |  1745
           D:4 |       0 |     403 |   0.0 |       0 |      24 |   0.0 |  1191
           D:5 |       0 |    1756 |   0.0 |       0 |      23 |   0.0 |  1244
           D:6 |       0 |     693 |   0.0 |       0 |      24 |   0.0 |  1344
           D:7 |       0 |    1161 |   0.0 |       0 |      26 |   0.0 |  1542
           D:8 |       0 |       6 |   0.0 |       0 |       2 |   0.0 |    30
               +---------+---------+-------+---------+---------+-------+---------
